 Dungeon Crawl Stone Soup version 0.28.0-53-g5a82cb258f (webtiles) character file.

Game seed: 18197058271163889597

110 Infinimo the Digger (level 4, -5/21 HPs)
             Began as a Deep Elf Earth Elementalist on June 5, 2022.
             Killed from afar by an orc wizard (10 damage)
             ... with a magic dart
             ... on level 3 of the Dungeon.
             The game lasted 00:03:51 (2421 turns).

Infinimo the Digger (Deep Elf Earth Elementalist)   Turns: 2421, Time: 00:03:53

Health: -5/21      AC:  4    Str:  5    XL:     4   Next: 61%
Magic:  11/12      EV: 12    Int: 22    God:
Gold:   85         SH:  0    Dex: 15    Spells: 8/12 levels left

rFire   . . .      SeeInvis .   (no weapon)
rCold   . . .      Faith    .   (no shield)
rNeg    . . .      Spirit   .   b - +0 robe
rPois   .          Reflect  .   (no helmet)
rElec   .          Harm     .   (no cloak)
rCorr   .          Rampage  .   (no gloves)
Will    .....                   (no boots)
Stlth   ++........              (no amulet)
HPRegen 0.07/turn               (no ring)
MPRegen 0.13/turn               (no ring)

@: no status effects
A: iridescent scales 1, frail 1
a: no special abilities


You were on level 3 of the Dungeon.
You visited 1 branch of the dungeon, and saw 3 of its levels.

You collected 85 gold pieces.

Inventory:

Missiles
 c - 49 stones
Armour
 b - a +0 robe (worn)
Jewellery
 d - an amulet of reflection
Potions
 a - 2 potions of berserk rage


   Skills:
 - Level 2.4 Dodging
 - Level 2.4 Stealth
 + Level 4.5 Spellcasting
 - Level 1.1 Transmutations
 * Level 5.2 Earth Magic


You had 8 spell levels left.
You knew the following spells:

 Your Spells              Type           Power      Damage    Failure   Level
a - Sandblast             Erth           56%        2d13      1%          1
b - Stone Arrow           Conj/Erth      32%        3d9       11%         3

Your spell library contained the following spells:

 Spells                   Type           Power      Damage    Failure   Level
 Passwall                 Tmut/Erth      15%        N/A       4%          2
 Petrify                  Tmut/Erth      18%        N/A       28%         4


Dungeon Overview and Level Annotations

Branches:
Dungeon (3/15)

Altars:

Shops:
D:2 (*[:


Innate Abilities, Weirdness & Mutations

You are partially covered in iridescent scales. (AC +2)
You are frail. (-10% HP)


Message History

The orc wizard shouts!
An orc wizard is nearby!
An orc wizard is nearby!
The orc wizard points at you and mumbles some strange words.
The puff of flame hits you.
An orc comes into view. It is wielding a +0 club.
You hear a shout!
Casting: Sandblast (safe; 1% risk of failure)
Confirm with . or Enter, or press ? or * to list all spells.
You can't see any susceptible monsters within range! (Use Z to cast anyway.)
The orc wizard casts a spell at you.
You are confused.
The orc shouts!
You're too confused to cast spells.
You're too confused to cast spells.
You're too confused to cast spells.
Okay, then.
You bump into the rock wall.
An orc comes into view. It is wielding a +0 short sword.
You bump into the rock wall.
The orc wizard casts a spell at you. The puff of flame hits you.
You bump into the rock wall.
An orc comes into view. It is wielding a +0 flail.
The orc wizard hits you with a +0 dagger.
You bump into the rock wall.
The orc wizard hits you with a +0 dagger.
You bump into the rock wall.
You feel less confused.
The orc wizard hits you with a +0 dagger.
* * * LOW HITPOINT WARNING * * *
Casting: Sandblast (safe; 1% risk of failure)
Confirm with . or Enter, or press ? or * to list all spells.
Aiming: Sandblast (safe; 1% risk of failure)
Press: ? - help, Shift-Dir - straight line, f - orc wizard
Aim: an orc wizard, wielding a +0 dagger and wearing a +0 robe (76% to hit)
The blast of sand misses the orc wizard.
The orc wizard gestures at you while chanting.
The magic dart hits you!
You die...

.#..#....#
.#..####.######
.#..# #.#....#
.#..# #.#.##.#
.#..####.#.##.####
.#.......#.##....#
.#.#######.#####.#
...........# #.#
...######### #@#
#..# #o# #..# #o#
##.# #.# #.. #o#
##. #o# ..# ###


You could see an orc wizard and 3 orcs.

Vanquished Creatures
  Terence (D:2)
  2 adders (D:2)
  A worm (D:2)
  3 dart slugs
  3 bats
  9 endoplasms
  2 giant cockroaches
  4 goblins
  4 hobgoblins
  4 jackals
  3 quokkas
  8 ball pythons
  A frilled lizard (D:2)
  7 kobolds
  A rat (D:1)
53 creatures vanquished.

Vanquished Creatures (others)
  2 fungi (D:2)
  A plant (D:2)
3 creatures vanquished.

Grand Total: 56 creatures vanquished

Notes
Turn   | Place    | Note
-------+----------+-------------------------------------------
     0 | D:1      | Infinimo the Deep Elf Earth Elementalist began the quest
                  | for the Orb.
     0 | D:1      | Reached XP level 1. HP: 10/10 MP: 6/6
   140 | D:1      | Reached XP level 2. HP: 15/15 MP: 2/8
   441 | D:1      | Reached skill level 4 in Earth Magic
   678 | D:1      | Reached XP level 3. HP: 19/19 MP: 7/10
   947 | D:1      | Learned a level 3 spell: Stone Arrow
   985 | D:2      | Found Puosat's Weapon Boutique.
  1101 | D:2      | Found a faded altar of an unknown god.
  1314 | D:2      | Reached XP level 4. HP: 11/24 MP: 3/12
  1652 | D:2      | Noticed Terence
  1656 | D:2      | Found Kellaeg's Armour Shop.
  1716 | D:2      | Gained mutation: You are frail. (-10% HP) [potion of
                  | mutation]
  1716 | D:2      | Gained mutation: You are partially covered in iridescent
                  | scales. (AC +2) [potion of mutation]
  1739 | D:2      | Killed Terence
  1740 | D:2      | Reached skill level 5 in Earth Magic
  2057 | D:2      | Found Duacank's Book Shop.
  2149 | D:2      | Found Ohur's Assorted Antiques.
  2421 | D:3      | Killed from afar by an orc wizard

Illustrated notes

Levels and vault maps discovered:
D:1:      minmay_arrival_shattered_statue, layout_basic,
          nicolae_figureground_pulse
D:2:      layout_basic, shapermc_ecumenical_altar_ellora, serial_shops,
          nicolae_shop_statue_plus, shop, nicolae_diamond_shop, shop,
          uniq_terence
D:3:      layout_basic

Skill      XL: |  1  2  3  4 |
---------------+-------------+-----
Earth Magic    | 4 5 |  5.2
Spellcasting   | 4 |  4.5
Dodging        | |  2.4
Stealth        | |  2.4
Transmutations | |  1.1

Action                   |  1- 3 |  4- 6 || total
-------------------------+-------+-------++-------
Melee: Unarmed           |     1 |       ||     1
 Cast: Sandblast         |    56 |    21 ||    77
  Use: Scroll            |     3 |     1 ||     4
       Potion            |       |     4 ||     4
Armor: Robe              |     2 |       ||     2
Dodge: Dodged            |    12 |     5 ||    17
